 Dungeon Crawl Stone Soup version 0.23.0 (webtiles) character file.

Game seed: 18154083879550812238

5289 bosm the Quickloader (level 10, -1/63 HPs)
             Began as a Kobold Hunter on Feb 11, 2019.
             Was an Elder of Okawaru.
             Slain by a meliai
             ... wielding a +0 hand axe
              (7 damage)
             ... on level 9 of the Dungeon.
             The game lasted 00:22:23 (7965 turns).

bosm the Quickloader (Kobold Hunter)                Turns: 7965, Time: 00:22:24

Health: -1/63      AC: 11    Str: 13    XL:     10   Next: 94%
Magic:  14/14      EV: 14    Int: 12    God:    Okawaru [****..]
Gold:   200        SH:  0    Dex: 18    Spells: 9/9 levels left

rFire    . . .     SeeInvis .   w - +1 hand crossbow
rCold    . . .     Gourm    .   (shield restricted)
rNeg     . . .     Faith    .   o - +0 scale mail
rPois    .         Spirit   .   z - +2 helmet
rElec    .         Reflect  .   n - +0 cloak
rCorr    .         Harm     .   (no gloves)
MR       .....                  b - +0 pair of boots
Stlth    +.........             (no amulet)
HPRegen  0.20/turn              i - +2 ring of dexterity
MPRegen  0.14/turn              (no ring)

@: lightly drained
A: small, carnivore
a: Heroism, Renounce Religion


You were on level 9 of the Dungeon.
You worshipped Okawaru.
Okawaru was greatly pleased with you.
You were full.

You visited 1 branch of the dungeon, and saw 9 of its levels.
You also visited: Sewer.

You collected 573 gold pieces.
You spent 373 gold pieces at shops.

Inventory:

Hand Weapons
 a - a +5 dagger
 q - a +0 short sword of draining
 w - a +1 hand crossbow (weapon)
Missiles
 d - 137 bolts (quivered)
Armour
 b - a +0 pair of boots (worn)
 n - a +0 cloak (worn)
 o - a +0 scale mail (worn)
 z - a +2 helmet (worn)
 B - a +0 crystal plate armour
Jewellery
 i - a +2 ring of dexterity (left hand)
Wands
 y - a wand of iceblast (7)
Scrolls
 e - a scroll of amnesia
 g - 7 scrolls of remove curse
 h - 2 scrolls of immolation
 j - 10 scrolls of teleportation
 k - 8 scrolls of identify
 l - a scroll of fog
 m - 2 scrolls of blinking
 u - a scroll of acquirement {unknown}
 v - 2 scrolls of fear
Potions
 c - 5 potions of curing
 p - 2 potions of lignification
 r - 4 potions of heal wounds
 s - 4 potions of flight
 t - a potion of resistance
 x - 2 potions of haste
 A - a potion of mutation
Comestibles
 f - 12 rations


   Skills:
 + Level 7.5(7.4) Fighting
 + Level 8.6(8.5) Short Blades
 * Level 12.0 Crossbows
 + Level 4.6 Dodging
 - Level 1.3 Stealth
 + Level 6.6 Invocations
 + Level 3.9(3.8) Evocations


You had 9 spell levels left.
You didn't know any spells.
Your spell library contained the following spells:

 Spells                   Type           Power        Failure   Level  Hunger
 Animate Skeleton         Necr           N/A          86%         1    ##.....
 Apportation              Tloc           #.....       86%         1    ##.....
 Confusing Touch          Hex            #.....       86%         1    ##.....
 Magic Dart               Conj           #...         86%         1    ##.....
 Shock                    Conj/Air       #...         86%         1    ##.....
 Summon Small Mammal      Summ           #...         86%         1    ##.....
 Searing Ray              Conj           #.....       94%         2    ###....
 Swiftness                Chrm/Air       #.......     94%         2    ###....
 Dazzling Spray           Conj/Hex       #.....       99%         3    ####...
 Static Discharge         Conj/Air       #.......     99%         3    ####...
 Airstrike                Air            #.........   100%        4    #####..
 Force Lance              Conj/Tloc      #.......     100%        4    #####..
 Fulminant Prism          Conj/Hex       #.........   100%        4    #####..
 Iskenderun's Mystic Bla  Conj           #.......     100%        4    #####..
 Lightning Bolt           Conj/Air       #.........   100%        5    ######.


Dungeon Overview and Level Annotations

Branches:
Dungeon (9/15)             Temple (0/1) D:4
   Lair: D:8-11         Orc: D:9-12

Altars:
Kikubaaqudgha
Okawaru
Wu Jian
Yredelemnul
The Shining One

Shops:
D:4 [   D:6 !   D:8 %


Innate Abilities, Weirdness & Mutations

You are small and have problems with some larger weapons.
You are carnivorous and can eat meat at any time.


Message History

A meliai comes into view. It is wielding a +0 war axe.
The meliai calls upon its god to heal the meliai.
The meliai is healed somewhat.
Firing (i - inventory)
d - 138 bolts (quivered)
Press: ? - help, Shift-Dir - straight line, f/p - meliai
Aim: a meliai, wielding a +0 war axe and wearing a +0 leather armour You shoot a bolt.
The bolt hits the meliai but does no damage.
The meliai is heavily wounded.
The meliai mumbles some strange prayers to its god against you.
Something smites you!
The meliai invokes the aid of its god against you.
Something smites you!
* * * LOW HITPOINT WARNING * * *
The meliai hits you with a +0 war axe.
* * * LOW HITPOINT WARNING * * *
The meliai completely misses you. The meliai hits you with a +0 hand axe!
* * * LOW HITPOINT WARNING * * *
The meliai stings you!
You die...

# #####+## +.
#......#
#..###......#
#...#.....(##
#.'.y...(y.
#@y....#
#......#
#......#
#<.....#
#####+##


You could see 3 meliai.

Vanquished Creatures
  3 two-headed ogres (D:8)
  Joseph (D:8)
  An ugly thing (D:8)
  2 hippogriffs (D:7)
  Grinder (D:3)
  An ice beast (D:7)
  An orc warrior (D:7)
  4 ogres
  3 centaurs
  A bullfrog (D:6)
  3 scorpions
  3 wights (D:8)
  A howler monkey (D:4)
  A centaur zombie (D:6)
  A crimson imp (D:7)
  2 bullfrog zombies (D:7)
  2 jellies
  4 hounds
  2 centaur skeletons (D:4)
  2 bullfrog skeletons
  3 iguanas
  A merfolk siren (Sewer)
  3 orc wizards
  A merfolk avatar (Sewer)
  4 worker ants
  A killer bee zombie (D:7)
  A hound skeleton (D:6)
  A worker ant zombie (D:7)
  11 adders
  4 river rats
  A shadow imp (D:5)
  3 oozes (D:3)
  2 adder skeletons
  2 worms (D:5)
  2 dart slugs
  3 leopard geckos
  20 orcs
  2 bats (D:1)
  18 giant cockroaches
  8 goblins
  11 hobgoblins
  11 jackals
  A quokka (D:3)
  6 ball pythons
  5 frilled lizards
  5 kobolds
  29 rats
198 creatures vanquished.

Notes
Turn   | Place    | Note
-------+----------+-------------------------------------------
     0 | D:1      | bosm the Kobold Hunter began the quest for the Orb.
     0 | D:1      | Reached XP level 1. HP: 12/12 MP: 1/1
   114 | D:1      | Reached skill level 5 in Crossbows
   128 | D:1      | Reached XP level 2. HP: 12/18 MP: 2/2
   150 | D:1      | Reached skill level 1 in Short Blades
   904 | D:1      | Reached XP level 3. HP: 21/22 MP: 3/3
  1314 | D:2      | Noticed an ogre
  1324 | D:2      | Killed an ogre
  1324 | D:2      | Reached skill level 6 in Crossbows
  1324 | D:2      | Reached XP level 4. HP: 5/28 MP: 4/4
  1324 | D:2      | Reached XP level 5. HP: 6/32 MP: 5/5
  1697 | D:2      | Found an iron altar of Okawaru.
  1712 | D:2      | Became a worshipper of Warmaster Okawaru
  2162 | D:3      | Noticed Grinder
  2463 | D:3      | Found a basalt altar of Yredelemnul.
  2466 | D:3      | Noticed a profane servitor
  2478 | D:3      | Found a glowing golden altar of the Shining One.
  2480 | D:3      | Noticed an angel
  2570 | D:3      | Reached skill level 1 in Invocations
  2570 | D:3      | Reached XP level 6. HP: 10/37 MP: 6/6
  2820 | D:3      | Killed Grinder
  2820 | D:3      | Reached * piety under Okawaru
  2820 | D:3      | Reached skill level 7 in Crossbows
  2820 | D:3      | Reached XP level 7. HP: 43/43 MP: 6/8
  3430 | D:4      | Found Bedirghong's Armour Shop.
  3452 | D:4      | Bought a +0 pair of boots for 58 gold pieces
  3570 | D:4      | Found a staircase to the Ecumenical Temple.
  4000 | D:4      | Reached skill level 8 in Crossbows
  4025 | D:5      | Entered Level 5 of the Dungeon
  4059 | D:5      | Reached XP level 8. HP: 41/48 MP: 7/10
  4292 | D:5      | Reached skill level 5 in Short Blades
  4392 | D:5      | Found a glowing drain.
  4404 | Sewer    | Entered a sewer
  4897 | Sewer    | Reached skill level 5 in Fighting
  5261 | D:5      | Reached ** piety under Okawaru
  5401 | D:6      | Reached skill level 9 in Crossbows
  5494 | D:6      | Found an ancient bone altar of Kikubaaqudgha.
  5498 | D:6      | Found Sechocat's Distillery.
  5516 | D:6      | Bought a potion of heal wounds for 75 gold pieces
  5516 | D:6      | Bought a potion of curing for 45 gold pieces
  5516 | D:6      | Bought a potion of haste for 150 gold pieces
  5516 | D:6      | Bought a potion of curing for 45 gold pieces
  5750 | D:6      | Reached XP level 9. HP: 50/54 MP: 12/12
  6382 | D:7      | Noticed a hippogriff
  6390 | D:7      | Killed a hippogriff
  6390 | D:7      | Reached *** piety under Okawaru
  6390 | D:7      | Reached skill level 10 in Crossbows
  6406 | D:7      | Reached skill level 5 in Invocations
  6735 | D:7      | Noticed a hippogriff
  6742 | D:7      | Killed a hippogriff
  6781 | D:7      | Found an ornate altar of the Wu Jian Council.
  6787 | D:7      | Received a gift from Okawaru
  7176 | D:8      | Noticed a two-headed ogre
  7188 | D:8      | Killed a two-headed ogre
  7188 | D:8      | Reached **** piety under Okawaru
  7188 | D:8      | Reached skill level 11 in Crossbows
  7188 | D:8      | Reached skill level 1 in Evocations
  7188 | D:8      | Reached XP level 10. HP: 37/61 MP: 14/14
  7369 | D:8      | Noticed a brown ugly thing
  7379 | D:8      | Killed a brown ugly thing
  7382 | D:8      | Noticed Joseph
  7391 | D:8      | Killed Joseph
  7391 | D:8      | Received a gift from Okawaru
  7399 | D:8      | Noticed a two-headed ogre
  7412 | D:8      | Killed a two-headed ogre
  7576 | D:8      | Noticed a two-headed ogre
  7585 | D:8      | Killed a two-headed ogre
  7585 | D:8      | Reached skill level 12 in Crossbows
  7902 | D:8      | Reached ***** piety under Okawaru
  7902 | D:8      | Received a gift from Okawaru
  7914 | D:8      | Found Ycruachi's Food Emporium.
  7965 | D:9      | Slain by a meliai

Skill      XL: |  1  2  3  4  5  6  7  8  9 10 |
---------------+-------------------------------+-----
Crossbows      | 5 6 7 8 9 11 12 | 12.0
Short Blades   | 1 2 3 4 6 7 8 |  8.6
Fighting       | 3 4 5 6 7 |  7.5
Invocations    | 1 2 4 5 6 |  6.6
Dodging        | 3 4 |  4.6
Evocations     | 1 3 |  3.9
Stealth        | |  1.3

Action                   |  1- 3 |  4- 6 |  7- 9 | 10-12 || total
-------------------------+-------+-------+-------+-------++-------
Melee: Short sword       |    83 |    37 |   100 |       ||   220
       Dagger            |    29 |     3 |    12 |       ||    44
 Fire: Hand crossbow     |    12 |    43 |   339 |    61 ||   455
Invok: Heroism           |       |       |     6 |     3 ||     9
Evoke: Wand              |       |       |     2 |       ||     2
  Use: Potion            |     1 |     1 |       |     1 ||     3
       Scroll            |       |     1 |    13 |       ||    14
 Stab: Sleeping          |     2 |       |       |       ||     2
  Eat: Chunk             |     6 |     7 |    14 |       ||    27
Armor: Leather armour    |    27 |       |       |       ||    27
       Chain mail        |       |    31 |       |       ||    31
       Scale mail        |       |       |   104 |    10 ||   114
Dodge: Dodged            |    78 |    17 |   191 |    13 ||   299
